 Dungeon Crawl Stone Soup version 0.31.0 (webtiles) character file.

Game seed: 4223781953429777544

58 Zeor the Insei (level 3, -11/39 HPs)
             Began as a Demonspawn Shapeshifter on Jan 19, 2024.
             Killed by divine providence
             ... invoked by an orc priest
              (14 damage)
             ... on level 6 of the Dungeon.
             The game lasted 00:08:51 (1782 turns).

Zeor the Insei (Demonspawn Shapeshifter)            Turns: 1782, Time: 00:08:51

Health: -11/39     AC: 21    Str: 19    XL:     3   Next: 76%
Magic:  4/4        EV:  2    Int: 10    God:
Gold:   106        SH:  5    Dex: 11    Spells: 4/4 levels left

rFire   + .          .
                       - Unarmed
rCold   . . .        (no shield)
rNeg    . . .        p - melded +0 leather armour
rPois   +            (helmet currently unavailable)
rElec   .            (cloak currently unavailable)
rCorr   .            (gloves currently unavailable)
SInv    .            (boots currently unavailable)
Will    .....        f - amulet "Koicramo" {Reflect Str+5 Dex-3 SH+5}
Stlth   +            o - ring of protection from fire
HPRegen 0.26/turn    (no ring)
MPRegen 0.09/turn

%: reflection
@: tree-form, weak-willed
A: stationary, stasis, torment immunity, boosted hp, (antennae 1), foul stench 1
a: no special abilities


You were on level 6 of the Dungeon.
You were a tree.
You visited 1 branch of the dungeon, and saw 4 of its levels.

You collected 106 gold pieces.

Inventory:

Armour
 a - a +0 animal skin
 p - a +0 leather armour (melded)
Jewellery
 e - a ring of ice
 f - the amulet "Koicramo" (around neck) {Reflect Str+5 Dex-3 SH+5}
   (You acquired it on level 2 of the Dungeon)

   [amulet of reflection]

   Reflect:   It reflects blocked missile attacks.
   Str+5:     It affects your strength (+5).
   Dex-3:     It affects your dexterity (-3).
   SH+5:      It affects your SH (+5).
 i - an amulet of magic regeneration
 o - a ring of protection from fire (left branch)
Talismans
 c - a beast talisman
 d - a flux talisman
 n - a blade talisman


   Skills:
 + Level 1.0 Fighting
 + Level 2.0 Dodging
 + Level 3.4 Unarmed Combat
 * Level 1.0 Spellcasting
 * Level 3.2 Shapeshifting


You had 4 spell levels left.
You didn't know any spells.
Your spell library contained the following spells:

 Spells                   Type           Power      Damage    Failure   Level
 Inner Flame              Hex/Fire       0%         N/A       71%         3
 Irradiate                Conj/Alch      0%         3d11      100%        5
 Ignition                 Fire           0%         3d3       100%        8


Dungeon Overview and Level Annotations

Branches:
Dungeon (3/15)

Altars:


Innate Abilities, Weirdness & Mutations

You are a tree.
Your roots penetrate the ground, keeping you stationary.
You cannot be teleported.
You are immune to unholy pain and torment.
Your maximum health is greatly increased.
Your equipment is partially melded.
((You have a pair of small antennae on your head.))
You may rarely emit foul miasma when damaged in melee.


Message History

The orc priest hits you with a +0 dagger.
As you read the scroll labelled FIUNTIF JAIPP, it crumbles to dust.
It is a scroll of brand weapon.
You aren't carrying any weapons that can be branded.
The orc priest hits you with a +0 dagger.
You hit the orc priest.
The orc priest is moderately wounded.
As you read the scroll labelled JAIZ TELAHUIBO, it crumbles to dust.
A wave of despondency washes over your surroundings.
It was a scroll of vulnerability.
The orc priest hits you with a +0 dagger.
You block something's attack.
You hit the orc priest.
The orc priest is heavily wounded.
The orc priest hits you with a +0 dagger.
Something hits you.
You hit the orc priest.
The orc priest is almost dead.
The orc priest invokes the aid of Beogh against you.
Beogh smites you!
Ouch! That really hurt!
* * * LOW HITPOINT WARNING * * *
Something hits you but does no damage. You block the orc's attack.
You feel much better. The orc hits you with a +0 flail!
The orc priest invokes the aid of Beogh against you.
Beogh smites you!
Ouch! That really hurt!
* * * LOW HITPOINT WARNING * * *
Something hits you but does no damage.
Your transformation has ended.
You turn into a tree.
Your +0 leather armour melds into your body.
Your roots penetrate the ground.
The orc priest hits you but does no damage.
You block something's attack. The orc hits you but does no damage.
You barely miss the orc priest.
The orc priest is almost dead.
The orc priest invokes the aid of Beogh against you.
Beogh smites you!
You die...

···········░······∙∙∙∙∙∙····░░·░
·········∙∙▒▒▒▒▒▒▒∙∙∙∙∙∙····░░·░
·········$∙▒∙∙∙∙∙∙∙∙∙∙∙∙····░░·░
░····░···∙∙▒∙∙∙∙∙∙∙∙∙∙∙∙····░░·░
░····░░··∙∙▒∙∙∙∙∙∙∙∙∙∙∙∙∙∙··░░·░
·····░░■░∙∙∙∙∙∙▒∙∙∙∙▒∙∙∙∙····░·░
·····░···∙∙∙∙∙?▒∙∙∙∙∙∙∙∙▒░░░·░·░
·····░···∙∙∙∙∙∙■∙∙∙∙∙∙∙∙·······░
··░■░░···∙∙∙∙∙∙▒♣∙∙∙∙∙∙▒░░░░·░░░
··░······∙∙∙∙∙o{oo∙∙∙∙∙▒ ░·░
··░······∙∙∙∙∙∙∙∙∙∙?∙∙∙▒▒▒▒▒·░
░░░······∙∙∙∙∙∙∙∙▒∙∙∙∙∙∙∙∙∙▒·░
·········∙∙∙∙∙∙∙∙▒∙∙∙∙∙∙∙∙∙▒·░
····░░░··∙∙∙∙∙∙∙∙∙∙∙∙∙∙∙∙∙∙▒·░
····░ ░··∙∙∙∙∙∙∙∙∙∙∙∙∙▒▒▒▒▒▒·░
··░·░ ░··∙∙∙∙∙∙∙∙∙∙∙∙∙▒▒ ░·░
░···░░░·░····∙∙∙∙∙∙∙∙∙▒ ░·░


You could see an orc priest (weak-willed) and 2 orcs.

Vanquished Creatures
  2 adders
  2 dart slugs
  An orc (D:3)
  2 ball pythons (D:2)
  4 bats
  2 endoplasms
  3 giant cockroaches (D:1)
  5 goblins
  4 hobgoblins
  2 jackals (D:3)
  2 kobolds (D:2)
  A quokka (D:2)
  A frilled lizard (D:3)
31 creatures vanquished.

Notes
Turn   | Place    | Note
-------+----------+-------------------------------------------
     0 | D:1      | Zeor the Demonspawn Shapeshifter began the quest for the
                  | Orb.
     0 | D:1      | Reached XP level 1. HP: 15/15 MP: 1/1
   216 | D:1      | Gained mutation: You have a pair of small antennae on your
                  | head. [demonic ancestry]
   216 | D:1      | Reached XP level 2. HP: 21/21 MP: 2/2
   964 | D:2      | Gained mutation: You may rarely emit foul miasma when
                  | damaged in melee. [demonic ancestry]
   964 | D:2      | Reached XP level 3. HP: 24/26 MP: 3/3
  1643 | D:2      | Identified a scroll of acquirement
  1643 | D:2      | Acquired the amulet "Koicramo" {Reflect Str+5 Dex-3 SH+5}
  1726 | D:3      | Reached skill level 1 in Spellcasting
  1765 | D:3      | You fall into a shaft and drop 3 floors!
  1780 | D:6      | HP: 1/26 [orc priest/divine providence (15)]
  1782 | D:6      | Killed from afar by an orc priest

Illustrated notes

Levels and vault maps discovered:
D:1:      erik_arrival_triangle_small, layout_basic, kennysheep_boxes
D:2:      layout_basic
D:3:      layout_rooms, shapermc_ecumenical_altar_mp_urbaneastern
D:6:      minmay_angry_zag, layout_basic, nicolae_qazlal_scattered_showers,
          nemelex_xobeh_ov_fountains_minmay, nicolae_ru_path_of_blood,
          serial_bayou_lagoon_a, uniq_menkaure

Skill      XL: |  1  2  3 |
---------------+----------+-----
Shapeshifting  | 3 |  3.2
Unarmed Combat | 3 |  3.4
Dodging        | 2 |  2.0
Spellcasting   | 1 |  1.0
Fighting       | |  1.0

Action                     || total
---------------------------++-------
  Melee: Unarmed           ||    90
         Punch             ||     1
    Use: Scroll            ||     7
         Potion            ||     3
   Stab: Sleeping          ||     1
 Armour: Animal skin       ||    31
         Leather armour    ||     8
         Skin              ||     2
  Dodge: Dodged            ||    52
  Block: Other             ||     6
